 Dungeon Crawl Stone Soup version 0.27-a0-103-g6cd7b45605 (webtiles) character file.

Game seed: 1056202488582924028

126 KristoblXynda the Slasher (level 4, 0/57 HPs)
             Began as a Vampire Gladiator on Jan 22, 2021.
             Succumbed to a worker ant's poison
             ... on level 2 of the Dungeon.
             The game lasted 00:01:55 (658 turns).

KristoblXynda the Slasher (Vampire Gladiator)        Turns: 658, Time: 00:01:55

Health: 0/57       AC:  4    Str: 13    XL:     4   Next: 83%
Magic:  4/4        EV: 15    Int: 11    God:
Gold:   64         SH:  0    Dex: 15    Spells: 3/3 levels left

rFire    . . .     SeeInvis +   a - +0 long sword
rCold    . . .     Faith    .   (no shield)
rNeg     . . .     Spirit   .   b - +0 leather armour
rPois    .         Reflect  .   c - +0 helmet
rElec    .         Harm     .   (no cloak)
rCorr    .         Rampage  .   (no gloves)
Will     .....                  (no boots)
Stlth    ..........             (no amulet)
HPRegen  0.39/turn              (no ring)
MPRegen  0.09/turn              (no ring)

@: berserking, lethally poisoned (0 -> -4), regenerating quickly, very quick
A: fangs 3, see invisible, unbreathing
a: Exsanguinate


You were on level 2 of the Dungeon.
You visited 1 branch of the dungeon, and saw 2 of its levels.

You collected 64 gold pieces.

Inventory:

Hand Weapons
 a - a +0 long sword (weapon)
Missiles
 d - 2 throwing nets (quivered)
Armour
 b - a +0 leather armour (worn)
 c - a +0 helmet (worn)
Scrolls
 e - a scroll of remove curse {unknown}
 g - a scroll of enchant armour {unknown}


   Skills:
 + Level 4.8 Fighting
 * Level 7.5 Long Blades
 - Level 2.0 Throwing
 - Level 3.6 Armour
 + Level 6.4 Dodging


You had 3 spell levels left.
You didn't know any spells.
Your spell library was empty.

Dungeon Overview and Level Annotations

Branches:
Dungeon (2/15)

Altars:


Innate Abilities, Weirdness & Mutations

Your natural rate of healing is unusually fast.
You have razor-sharp teeth.
You have supernaturally acute eyesight. (SInv)
You can survive without breathing.


Message History

The net rips apart, and the hobgoblin comes free!
You feel sick.
You see here a worker ant corpse.
You barely miss the hobgoblin.
The hobgoblin is severely wounded.
You feel sick. The hobgoblin hits you with a +0 club.
* * * LOW HITPOINT WARNING * * *
You closely miss the hobgoblin.
The hobgoblin is severely wounded.
* * * LOW HITPOINT WARNING * * *
You feel sick. The hobgoblin hits you with a +0 club.
* * * LOW HITPOINT WARNING * * *
You barely miss the hobgoblin.
The hobgoblin is severely wounded.
* * * LOW HITPOINT WARNING * * *
You feel sick.
You barely miss the hobgoblin. You bite the hobgoblin.
You kill the hobgoblin!
A bat comes into view.
You die...

#.# .... ... .#.#. #.#
..... #.. ......... #
#.. #.#...... . #.#
#.......< # #.# #.# ...
#### ##.# #†# .. .. ...#
##..#####@#.#...#
##.##.##......)†<...b.#
##.##...........).......
##.######...#####.......
##.## #.....# ...####
#...###.....## .#.#
#............... ...#
#...###......... ...#
##### #.....#### ...


You could see a bat.

Vanquished Creatures
  A worker ant (D:2)
  An adder (D:2)
  A dart slug (D:1)
  2 leopard geckos (D:1)
  A ball python (D:2)
  A giant cockroach (D:1)
  4 goblins (D:1)
  8 hobgoblins
  7 kobolds (D:1)
  2 bats (D:1)
  3 frilled lizards
  3 rats
34 creatures vanquished.

Notes
Turn   | Place    | Note
-------+----------+-------------------------------------------
     0 | D:1      | KristoblXynda the Vampire Gladiator began the quest for the
                  | Orb.
     0 | D:1      | Reached XP level 1. HP: 16/16 MP: 1/1
   109 | D:1      | Reached XP level 2. HP: 22/22 MP: 2/2
   413 | D:1      | Reached XP level 3. HP: 27/27 MP: 3/3
   649 | D:2      | Reached skill level 7 in Long Blades
   649 | D:2      | Reached XP level 4. HP: 12/38 MP: 4/4
   655 | D:2      | HP: 2/57 [hobgoblin/+0 club (2)]
   658 | D:2      | Succumbed to a worker ant's poison

Illustrated notes

Levels and vault maps discovered:
D:1:      heliophobic_arrival_enchanted_forest, layout_rooms, minmay_bisected
D:2:      layout_loops_ring, gammafunk_temple_overflow_claw

Skill      XL: |  1  2  3 |
---------------+----------+-----
Fighting       | 2 4 |  4.8
Throwing       | 2 |  2.0
Long Blades    | 7 |  7.5
Armour         | 3 |  3.6
Dodging        | 6 |  6.4

Action                   |  1- 3 |  4- 6 || total
-------------------------+-------+-------++-------
Melee: Long sword        |    71 |     6 ||    77
       Bite              |    12 |     1 ||    13
Throw: Throwing net      |     1 |       ||     1
  Use: Potion            |     1 |     1 ||     2
 Stab: Sleeping          |     1 |       ||     1
Armor: Leather armour    |    27 |       ||    27
Dodge: Dodged            |    61 |     1 ||    62
       Rpst.: Long sword |    17 |       ||    17

Table legend: (Time is in decaauts)
 A = Elapsed time spent in this place.
 B = Non-inter-level travel time spent in this place.
 C = Inter-level travel time spent in this place.
 D = Time resting spent in this place.
 E = Time spent auto-exploring this place.
 F = Levels seen in this place.
 G = Mean time per level.
                   A        B        C        D        E       F      G
               +--------+--------+--------+--------+--------+-----+--------+
         Total |    672 |    663 |      9 |     48 |    377 |   2 |  336.0 |
       Dungeon |    672 |    663 |      9 |     48 |    377 |   2 |  336.0 |
               +--------+--------+--------+--------+--------+-----+--------+

Top non-repeatable levels by time:
     D:1: 493 daAuts
     D:2: 178 daAuts
